 Dungeon Crawl Stone Soup version 0.27.0-1-g7a089689b8 (webtiles) character file.

Game seed: 6912241583256238922

403 Crownlay the Cleaver (level 6, -2/51 HPs)
             Began as a Hill Orc Fighter on Aug 13, 2021.
             Slain by a wyvern (6 damage)
             ... on level 4 of the Dungeon.
             The game lasted 00:07:02 (4202 turns).

Crownlay the Cleaver (Hill Orc Fighter)             Turns: 4202, Time: 00:07:03

Health: -2/51      AC:  8    Str: 21    XL:     6   Next: 86%
Magic:  0/6        EV:  9    Int:  8    God:
Gold:   202        SH:  0    Dex: 10    Spells: 5/5 levels left

rFire    + . .     SeeInvis .   a - +0 war axe
rCold    . . .     Faith    .   (no shield)
rNeg     . . .     Spirit   +   b - +0 scale mail
rPois    .         Reflect  .   (no helmet)
rElec    .         Harm     .   (no cloak)
rCorr    .         Rampage  .   (no gloves)
Will     .....                  l - +0 pair of boots
Stlth    ..........             r - amulet of guardian spirit
HPRegen  0.17/turn              f - ring of protection from fire
MPRegen  0.10/turn              (no ring)

@: no status effects
A: no striking features
a: no special abilities


You were on level 4 of the Dungeon.
You visited 1 branch of the dungeon, and saw 4 of its levels.

You collected 202 gold pieces.

Inventory:

Hand Weapons
 a - a +0 war axe (weapon)
Missiles
 s - 2 curare-tipped darts (quivered)
Armour
 b - a +0 scale mail (worn)
 c - a +0 kite shield
 l - a +0 pair of boots (worn)
Jewellery
 f - a ring of protection from fire (left hand)
 g - an amulet of faith
 r - an amulet of guardian spirit (around neck)
Scrolls
 h - a scroll of holy word {unknown}
 j - 3 scrolls of teleportation {unknown}
 k - 7 scrolls of identify {unknown}
 p - a scroll of enchant armour {unknown}
 q - a scroll of fog {unknown}
 u - a scroll of immolation {unknown}
Potions
 e - 2 potions of brilliance {unknown}
 i - 4 potions of magic {unknown}
 m - 2 potions of haste {unknown}
 n - a potion of berserk rage {unknown}
 o - 3 potions of curing {unknown}
 t - 3 potions of invisibility {unknown}


   Skills:
 - Level 3.6 Fighting
 + Level 9.3 Axes
 - Level 3.2 Armour
 - Level 3.2 Shields


You had 5 spell levels left.
You didn't know any spells.
Your spell library was empty.

Dungeon Overview and Level Annotations

Branches:
Dungeon (4/15)
 Temple: D:4-7

Altars:
Dithmenos
Fedhas
The Shining One

Annotations:
D:3 exclusion: oklob plant


Message History

You hit the wyvern but do no damage. The wyvern bites you!
The wyvern completely misses you.
You barely miss the wyvern. The wyvern bites you.
You hit the wyvern but do no damage. The wyvern barely misses you.
The wyvern bites you.
You closely miss the wyvern. The wyvern barely misses you.
You hit the wyvern but do no damage. The wyvern bites you. x2
You hit the wyvern but do no damage. The wyvern barely misses you.
You barely miss the wyvern. The wyvern barely misses you.
The wyvern closely misses you.
You barely miss the wyvern. The wyvern barely misses you.
You slash the wyvern!
The wyvern is moderately wounded.
The wyvern bites you!
The wyvern bites you but does no damage.
You are too injured to fight recklessly!
You are too injured to fight recklessly!
You are too injured to fight recklessly!
You are too injured to fight recklessly!
You are too injured to fight recklessly!
You hit the wyvern but do no damage.
The wyvern is moderately wounded.
The wyvern bites you!
* * * LOW HITPOINT WARNING * * *
You slash the wyvern!
The wyvern is severely wounded.
The wyvern hisses menacingly.
The wyvern barely misses you. The wyvern bites you.
* * * LOW HITPOINT WARNING * * *
You hit the wyvern but do no damage.
The wyvern is severely wounded.
The wyvern bites you.
* * * LOW HITPOINT WARNING * * *
The wyvern bites you.
You die...

#### #### ........# ...
....# #........ #
#.#.....# #.###l#.....#
#....@...# # #........#
.# #####.#### #'## #.#
##...## #.#### ##.....#
#.##.## ##.......
.#######.....####........
........###.....'........
.######.# #..####........


You could see a wyvern.

Vanquished Creatures
  An ogre (D:4)
  A kobold brigand (D:3)
  A jelly (D:3)
  2 hounds (D:4)
  An orc wizard (D:4)
  Terence (D:2)
  A gnoll (D:1)
  2 adders
  An ufetubus (D:4)
  2 worms
  2 dart slugs
  9 orcs
  4 endoplasms
  2 giant cockroaches (D:2)
  8 goblins
  5 hobgoblins
  A jackal (D:3)
  4 quokkas
  5 ball pythons
  4 bats
  2 frilled lizards
  10 kobolds
  A rat (D:3)
70 creatures vanquished.

Vanquished Creatures (others)
  4 fungi (D:3)
  7 plants (D:3)
11 creatures vanquished.

Grand Total: 81 creatures vanquished

Notes
Turn   | Place    | Note
-------+----------+-------------------------------------------
     0 | D:1      | Crownlay the Hill Orc Fighter began the quest for the Orb.
     0 | D:1      | Reached XP level 1. HP: 19/19 MP: 1/1
    42 | D:1      | Reached skill level 3 in Axes
   144 | D:1      | You fall into a shaft and drop 1 floor!
   328 | D:1      | Reached XP level 2. HP: 26/26 MP: 2/2
   516 | D:1      | Reached skill level 4 in Axes
  1009 | D:2      | Reached XP level 3. HP: 31/31 MP: 3/3
  1251 | D:2      | Reached skill level 5 in Axes
  1648 | D:2      | Found a faded altar of an unknown god.
  1726 | D:2      | Noticed Terence
  1734 | D:2      | Killed Terence
  1735 | D:2      | Reached XP level 4. HP: 19/39 MP: 4/4
  1955 | D:2      | Reached skill level 6 in Axes
  2247 | D:3      | Reached XP level 5. HP: 45/45 MP: 5/5
  2360 | D:3      | Reached skill level 7 in Axes
  2795 | D:3      | Found a blossoming altar of Fedhas.
  2810 | D:3      | Noticed an oklob plant
  2889 | D:3      | Noticed a kobold brigand
  2898 | D:3      | Killed a kobold brigand
  3403 | D:4      | Reached skill level 8 in Axes
  3403 | D:4      | Reached XP level 6. HP: 51/51 MP: 6/6
  3539 | D:4      | Found a glowing golden altar of the Shining One.
  3629 | D:4      | HP: 1/51 [something/magic dart (4)]
  3630 | D:4      | Reached skill level 9 in Axes
  4112 | D:4      | Found a shadowy altar of Dithmenos.
  4188 | D:4      | Noticed a wyvern
  4202 | D:4      | Slain by a wyvern

Illustrated notes

Levels and vault maps discovered:
D:1:      amcnicky_arrival_underground_garden, layout_loops_ring
D:2:      layout_basic, shapermc_ecumenical_altar_petra, lemuel_another_geyser,
          uniq_terence
D:3:      cheibrodos_thug_alley, layout_basic, tgw_fedhas, kennysheep_potato
D:4:      layout_loops_corners, kennysheep_mini,
          mainiacjoe_overflow_tiny_flanked, uniq_menkaure

Skill      XL: |  1  2  3  4  5  6 |
---------------+-------------------+-----
Axes           | 3 4 5 6 8 9 |  9.3
Fighting       | |  3.6
Armour         | |  3.2
Shields        | |  3.2

Action                   |  1- 3 |  4- 6 || total
-------------------------+-------+-------++-------
Melee: War axe           |    64 |   132 ||   196
  Use: Potion            |       |     1 ||     1
Armor: Scale mail        |    27 |    74 ||   101
Dodge: Dodged            |    25 |    75 ||   100
